 Dungeon Crawl Stone Soup version 0.30-a0-862-g1aabd4f9c5 (webtiles) character file.

Game seed: 14731957371033442965

7225 Morbidden the Conjurer (level 11, -4/81 HPs)
             Began as a Barachi Conjurer on Mar 9, 2023.
             Was an Elder of Cheibriados.
             Slain by a yak (8 damage)
             ... on level 9 of the Dungeon.
             The game lasted 00:17:13 (11257 turns).

Morbidden the Conjurer (Barachi Conjurer)          Turns: 11257, Time: 00:17:14

Health: -4/81      AC: 13    Str: 18    XL:     11   Next: 11%
Magic:  20/20      EV: 11    Int: 32    God:    Cheibriados [****..]
Gold:   137        SH:  0    Dex: 19    Spells: 15/22 levels left

rFire   . . .      SeeInvis .    a - +2 glaive (venom)
rCold   + . .      Faith    .    (shield currently unavailable)
rNeg    . . .      Spirit   .    r - +1 scale mail {rC+}
rPois   +          Reflect  .    (no helmet)
rElec   .          Rampage  .    k - +0 cloak
rCorr   .                        (no gloves)
Will    +....                    z - +2 pair of boots
Stlth   +                        (no amulet)
HPRegen 0.33/turn                i - ring of willpower
MPRegen 0.17/turn                v - ring of poison resistance

@: about to teleport, unable to hop, very slow
A: amphibious, slowness 1, strong legs 1, +LOS
a: Hop, Renounce Religion, Bend Time, Temporal Distortion, Slouch


You were on level 9 of the Dungeon.
You worshipped Cheibriados.
Cheibriados was greatly pleased with you.
You visited 2 branches of the dungeon, and saw 10 of its levels.

You collected 403 gold pieces.
You spent 266 gold pieces at shops.

Inventory:

Hand Weapons
 a - a +2 glaive of venom (weapon)
 b - a +4 heavy morningstar
 o - a +0 long sword
Missiles
 m - 5 javelins (quivered)
 x - 10 poisoned darts
 K - 14 silver boomerangs
Armour
 h - a +3 chain mail
 k - a +0 cloak (worn)
 r - a +1 scale mail of cold resistance (worn)
 z - a +2 pair of boots (worn)
Jewellery
 i - a ring of willpower (left hand)
 v - a ring of poison resistance (right hand)
 F - a ring of flight
Wands
 t - a wand of mindburst (29)
 u - a wand of iceblast (6)
 J - a wand of polymorph (22)
Scrolls
 c - 4 scrolls of magic mapping
 f - 3 scrolls of enchant armour {unknown}
 g - 2 scrolls of vulnerability {unknown}
 l - 7 scrolls of identify {unknown}
 s - 5 scrolls of teleportation
 w - 3 scrolls of amnesia {unknown}
 y - a scroll of silence {unknown}
 A - 2 scrolls of fear {unknown}
 E - 4 scrolls of fog {unknown}
 G - a scroll of noise {unknown}
 H - 2 scrolls of immolation {unknown}
 L - a scroll of poison {unknown}
Potions
 d - a potion of resistance {unknown}
 e - 3 potions of curing
 j - 2 potions of might
 n - a potion of invisibility {unknown}
 p - 2 potions of lignification {unknown}
 q - 3 potions of magic
 B - 2 potions of brilliance {unknown}
 C - 4 potions of attraction {unknown}
 D - a potion of degeneration {unknown}
 I - 2 potions of flight {unknown}


   Skills:
 * Level 6.2 Fighting
 + Level 3.7 Short Blades
 * Level 3.1(5.7) Axes
 * Level 5.9(6.3) Maces & Flails
 * Level 4.0(4.4) Polearms
 + Level 1.5 Throwing
 + Level 6.0 Armour
 + Level 3.7 Dodging
 + Level 2.6 Stealth
 + Level 0.2 Unarmed Combat
 * Level 6.3 Spellcasting
 * Level 7.6 Conjurations
 * Level 5.2 Translocations
 * Level 3.9 Invocations
 * Level 5.0 Evocations


You had 15 spell levels left.
You knew the following spells:

 Your Spells              Type           Power      Damage    Failure   Level
a - Magic Dart            Conj           100%       1d8       1%          1
b - Searing Ray           Conj           100%       2d8       1%          2
c - Iskenderun's Mystic   Conj/Tloc      51%        2d11      9%          4

Your spell library contained the following spells:

 Spells                   Type           Power      Damage    Failure   Level
 Dazzling Flash           Conj/Hex       68%        N/A       8%          3
 Beastly Appendage        Tmut           20%        N/A       13%         1
 Sting                    Tmut/Pois      40%        1d5       13%         1
 Portal Projectile        Hex/Tloc       54%        N/A       13%         3
 Cigotuvi's Dreadful Rot  Necr/Pois/Air  20%        N/A       19%         2
 Ensorcelled Hibernation  Hex/Ice        20%        N/A       19%         2
 Passwall                 Tmut/Erth      8%         N/A       19%         2
 Wereblood                Tmut           10%        N/A       19%         2
 Fulminant Prism          Conj/Hex       17%        3d10      26%         4
 Ozocubu's Armour         Ice            10%        N/A       36%         3
 Spider Form              Tmut/Pois      10%        N/A       36%         3
 Swiftness                Air            10%        N/A       36%         3
 Tukima's Dance           Hex            10%        N/A       36%         3
 Vampiric Draining        Necr           10%        2d6       36%         3
 Animate Armour           Summ/Erth      20%        N/A       77%         4
 Dispel Undead            Necr           10%        3d9       77%         4
 Blade Hands              Tmut           5%         N/A       98%         5
 Iron Shot                Conj/Erth      17%        9d4       99%         6
 Death Channel            Necr           5%         N/A       100%        6
 Ozocubu's Refrigeration  Ice            5%         4d8       100%        7
 Storm Form               Tmut/Air       5%         N/A       100%        7
 Borgnjor's Revivificati  Necr           5%         N/A       100%        8


Dungeon Overview and Level Annotations

Branches:
Dungeon (9/15)             Temple (1/1) D:4            Lair (0/5) D:9
    Orc: D:9-12

Altars:
Ashenzari
Cheibriados
Dithmenos
Elyvilon
Fedhas
Gozag
Hepliaklqana
Kikubaaqudgha
Makhleb
Nemelex Xobeh
Okawaru
Qazlal
Ru
Sif Muna
Trog
Uskayaw
Vehumet
Wu Jian
Xom
Yredelemnul
Zin
The Shining One

Shops:
D:4 =[[?(   D:6 (


Innate Abilities, Weirdness & Mutations

You are amphibious.
You cover ground slowly.
You can hop short distances.
You have an extended range of vision and can be seen from far away.


Message History

You are ready to hop once more.
You start resting.
A yak is nearby!
A yak is nearby!
A yak is nearby!
The yak bellows!
The yak gores you!
You barely miss the yak. The yak gores you!
You hit the yak.
The yak is poisoned.
The yak is lightly wounded.
The yak gores you but does no damage. The yak gores you!
The yak closely misses you. The yak barely misses you.
You are too injured to fight recklessly!
You are too injured to fight recklessly!
You completely miss the yak. The yak gores you!
The yak gores you but does no damage.
Unknown command.
You barely miss the yak. The yak gores you.
* * * LOW HITPOINT WARNING * * *
The yak barely misses you. The yak gores you but does no damage.
The yak closely misses you.
Unknown command.
Hop to where?
Press: ? - help, Dir - move target, f - you
Okay, then.
Unknown command.
Hop to where?
Press: ? - help, Dir - move target Boing!
The yak gores you!
* * * LOW HITPOINT WARNING * * *
The yak gores you but does no damage.
Unknown command.
As you read the scroll of teleportation, it crumbles to dust.
You feel strangely unstable. The yak gores you!
* * * LOW HITPOINT WARNING * * *
The yak closely misses you.
You feel better. The yak gores you.
* * * LOW HITPOINT WARNING * * *
The yak gores you!
You die...

# .. ... .... .....
...... .
.......######### ####..
........@Y.....# ......
.........Y○....# ......
.......######### ....##
#####..# ......
.....######### ......
.............# ######.
#####.........#
#.#######..#
######..........########


You could see 2 yaks.

Vanquished Creatures
  A two-headed ogre (D:9)
  A death yak (D:9)
  Pikel (D:4)
  A komodo dragon (D:8)
  Psyche (D:8)
  A troll (D:9)
  A hornet (D:9)
  Grinder (D:3)
  Sigmund (D:3)
  A wraith (D:7)
  7 yaks
  A wyvern (D:9)
  2 basilisks
  3 water moccasins
  2 orc warriors
  2 sky beasts (D:8)
  An ogre (D:7)
  2 centaurs (D:8)
  A phantom (D:5)
  A lemure (D:4)
  A kobold brigand (D:8)
  3 bullfrogs (D:7)
  5 scorpions
  10 killer bees
  A jelly (D:5)
  4 orc priests
  3 hounds
  2 sleepcaps (D:7)
  Jessica (D:2)
  4 iguanas
  4 orc wizards
  Natasha (thrice) (D:4)
  Terence (D:2)
  4 adders
  A shadow imp (D:6)
  3 white imps
  2 ufetubi
  5 worms
  A dart slug (D:3)
  21 orcs
  8 ball pythons
  9 endoplasms
  5 giant cockroaches
  11 goblins
  12 hobgoblins
  7 jackals
  5 quokkas
  3 bats
  A frilled lizard (D:1)
  11 kobolds
  9 rats
192 creatures vanquished.

Vanquished Creatures (others)
  An orc (D:4)
1 creature vanquished.

Grand Total: 193 creatures vanquished

Notes
Turn   | Place    | Note
-------+----------+-------------------------------------------
     0 | D:1      | Morbidden the Barachi Conjurer began the quest for the Orb.
     0 | D:1      | Reached XP level 1. HP: 13/13 MP: 3/3
    83 | D:1      | Reached XP level 2. HP: 18/19 MP: 0/5
   165 | D:1      | Learned a level 2 spell: Searing Ray
   499 | D:1      | Reached skill level 5 in Conjurations
   572 | D:1      | Reached XP level 3. HP: 25/25 MP: 2/6
   869 | D:2      | Noticed Jessica
   871 | D:2      | Killed Jessica
   872 | D:2      | Reached skill level 1 in Fighting
   872 | D:2      | Reached XP level 4. HP: 32/32 MP: 3/8
   934 | D:2      | Noticed Terence
  1247 | D:2      | Killed Terence
  1635 | D:2      | Learned a level 4 spell: Iskenderun's Mystic Blast
  1843 | D:3      | You fall into a shaft and drop 3 floors!
  1908 | D:6      | Found Foshiosh's Weapon Shoppe.
  1962 | D:6      | Noticed a scorpion
  1965 | D:6      | Killed a scorpion
  1966 | D:6      | Reached skill level 1 in Armour
  1966 | D:6      | Reached XP level 5. HP: 37/37 MP: 4/9
  2020 | D:6      | Found a glowing silver altar of Zin.
  2031 | D:6      | Reached skill level 1 in Maces & Flails
  2134 | D:5      | Entered Level 5 of the Dungeon
  2170 | D:4      | Reached skill level 1 in Short Blades
  2170 | D:4      | Reached skill level 1 in Translocations
  2170 | D:4      | Reached XP level 6. HP: 12/44 MP: 2/11
  2261 | D:4      | Found a staircase to the Ecumenical Temple.
  2271 | Temple   | Entered the Ecumenical Temple
  2523 | D:4      | Found Humien's Armour Emporium.
  2720 | D:4      | Found Huno's Magic Scroll Shop.
  2734 | D:4      | Bought a scroll of magic mapping for 105 gold pieces
  2749 | D:4      | Found a stormy altar of Qazlal.
  2753 | D:4      | Found a shimmering blue altar of Sif Muna.
  2754 | D:4      | Found a snail-covered altar of Cheibriados.
  2755 | D:4      | Found an opulent altar of Gozag.
  2762 | D:4      | Found a sparkling altar of Nemelex Xobeh.
  2763 | D:4      | Found a hide-covered altar of Uskayaw.
  2764 | D:4      | Noticed Natasha
  2767 | D:4      | Became a worshipper of Cheibriados the Contemplative
  2777 | D:4      | Killed Natasha
  2843 | D:4      | Noticed Pikel
  2857 | D:4      | Killed Pikel
  2858 | D:4      | Reached skill level 6 in Conjurations
  2858 | D:4      | Reached skill level 1 in Invocations
  2858 | D:4      | Reached skill level 1 in Evocations
  2858 | D:4      | Reached XP level 7. HP: 11/52 MP: 12/12
  2885 | D:3      | Noticed Grinder
  3104 | D:3      | Reached XP level 8. HP: 51/58 MP: 13/13
  3251 | D:4      | Reached * piety under Cheibriados
  3271 | D:4      | Found Xumonex's Jewellery Shop.
  3364 | D:4      | Noticed Natasha
  3373 | D:4      | Killed Natasha
  3390 | D:4      | Noticed Natasha
  3401 | D:4      | Killed Natasha
  3833 | D:4      | Found Ititifo Jypn's Antique Weapon Shop.
  3853 | D:4      | Found a white marble altar of Elyvilon.
  3882 | D:4      | Found Iveuboff's Armour Shoppe.
  3901 | D:4      | Found a sparkling altar of Nemelex Xobeh.
  3902 | D:4      | Found a hide-covered altar of Uskayaw.
  3931 | D:4      | Found Xumonex's Jewellery Shop.
  4052 | D:4      | Found Huno's Magic Scroll Shop.
  4057 | D:4      | Found Humien's Armour Emporium.
  4075 | D:4      | Found Ititifo Jypn's Antique Weapon Shop.
  4108 | D:4      | Found a staircase to the Ecumenical Temple.
  4261 | D:4      | Found a white marble altar of Elyvilon.
  4404 | D:3      | Noticed Sigmund
  4413 | D:3      | Killed Sigmund
  4593 | D:3      | Killed Grinder
  5511 | D:5      | Reached ** piety under Cheibriados
  5799 | D:5      | Reached XP level 9. HP: 49/65 MP: 5/15
  6948 | D:7      | Reached skill level 1 in Axes
  7075 | D:7      | Reached skill level 5 in Armour
  7253 | D:7      | Found a sacrificial altar of Ru.
  7483 | D:7      | Reached skill level 7 in Conjurations
  7656 | D:7      | Found a bloodstained altar of Trog.
  7658 | D:7      | Found a broken altar of Ashenzari.
  7748 | D:4      | Bought a runed morningstar for 161 gold pieces
  7877 | D:8      | Noticed Psyche
  7886 | D:8      | Killed Psyche
  7887 | D:8      | Reached skill level 5 in Spellcasting
  8713 | D:8      | Noticed a komodo dragon
  8722 | D:8      | Killed a komodo dragon
  8723 | D:8      | Reached XP level 10. HP: 53/73 MP: 3/18
  8871 | D:8      | Reached skill level 5 in Fighting
  8924 | D:8      | Reached *** piety under Cheibriados
  8986 | D:8      | Reached skill level 1 in Polearms
  9074 | D:8      | Got the Precepts of Vicissitude and the Autopsy
  9339 | D:9      | Found a staircase to the Lair.
  9341 | D:9      | Noticed a death yak
  9622 | D:8      | HP: 1/76 [yak (11)]
  9991 | D:9      | Reached skill level 1 in Throwing
 10028 | D:9      | Reached skill level 5 in Maces & Flails
 10049 | D:8      | Reached **** piety under Cheibriados
 10429 | D:9      | Noticed a two-headed ogre
 10440 | D:9      | Killed a two-headed ogre
 10441 | D:9      | Reached skill level 5 in Translocations
 10866 | D:9      | Killed a death yak
 10867 | D:9      | Reached skill level 5 in Evocations
 10867 | D:9      | Reached XP level 11. HP: 68/81 MP: 20/20
 11058 | D:9      | Found an ornate altar of the Wu Jian Council.
 11256 | D:9      | HP: 1/81 [yak (10)]
 11257 | D:9      | Slain by a yak

Illustrated notes

Levels and vault maps discovered:
D:1:      dpeg_arrival_long_road, layout_rooms, minivault_23
D:2:      layout_basic, uniq_jessica, uniq_terence
D:3:      layout_loops_ring, st_stairs_12, grunt_decor_junction, uniq_grinder,
          uniq_sigmund
D:4:      minmay_chambers_of_threes, layout_cave_pools, lemuel_round_altar,
          grunt_temple_overflow_open, minmay_temple_entry_glass, serial_shops,
          nicolae_shop_window_shopping, shop_fountains,
          nicolae_shop_behind_doors, shop, nicolae_diamond_shop, uniq_pikel,
          uniq_natasha
D:5:      layout_basic, serial_park_tiny_2, dreamdust_princess_corridor
D:6:      layout_loops_ring, mainiacjoe_overflow_catwalk, serial_shops, shop
D:7:      layout_basic, chequers_temple_overflow_statue_of_worship,
          kennysheep_mini_moat
D:8:      layout_cave_pools, minmay_unpleasant_kobolds, uniq_psyche
D:9:      layout_long_grid, nicolae_overflow_crystal_walls, david_lair_generic,
          minmay_sticks_and_stones
Temple:   hellmonk_temple_flake

Skill      XL: |  1  2  3  4  5  6  7  8  9 10 11 |
---------------+----------------------------------+-----
Conjurations   | 5 6 7 |  7.6
Fighting       | 1 3 4 6 |  6.2
Spellcasting   | 3 4 5 6 |  6.3
Armour         | 1 2 3 4 5 6 |  6.0
Maces & Flails | 1 2 3 4 5 |  5.9
Short Blades   | 1 2 3 |  3.7
Translocations | 1 2 3 4 5 |  5.2
Stealth        | 2 |  2.6
Invocations    | 1 2 3 |  3.9
Evocations     | 1 2 3 5 |  5.0
Dodging        | 3 |  3.7
Axes           | 2 3 |  3.1
Polearms       | 3 4 |  4.0
Throwing       | 1 |  1.5
Unarmed Combat | |  0.2

Action                     |  1- 3 |  4- 6 |  7- 9 | 10-12 || total
---------------------------+-------+-------+-------+-------++-------
  Melee: Unarmed           |    24 |       |       |       ||    24
         Punch             |     2 |     3 |     5 |       ||    10
         Dagger            |    19 |    88 |   179 |       ||   286
         Glaive            |       |       |     5 |   132 ||   137
  Throw: Dart              |       |       |     3 |    12 ||    15
         Javelin           |       |       |       |     7 ||     7
   Cast: Magic Dart        |    37 |    26 |    46 |    16 ||   125
         Searing Ray       |     2 |    13 |    34 |     8 ||    57
         Iskenderun's Myst |       |       |     5 |     7 ||    12
Ability: Hop               |       |     3 |       |     4 ||     7
  Evoke: Wand              |       |     3 |     2 |     1 ||     6
    Use: Potion            |       |       |     1 |     6 ||     7
         Scroll            |       |       |       |     2 ||     2
 Armour: Robe              |    13 |       |       |       ||    13
         Scale mail        |       |    44 |   110 |   108 ||   262
         Chain mail        |       |       |       |    43 ||    43
  Dodge: Dodged            |    43 |    44 |   130 |   126 ||   343

Table legend: (Time is in decaauts)
 A = Elapsed time spent in this place.
 B = Non-inter-level travel time spent in this place.
 C = Inter-level travel time spent in this place.
 D = Time resting spent in this place.
 E = Time spent auto-exploring this place.
 F = Levels seen in this place.
 G = Mean time per level.
                   A        B        C        D        E       F      G
               +--------+--------+--------+--------+--------+-----+--------+
         Total |  14312 |  13365 |    947 |   2755 |   8691 |  10 | 1431.2 |
       Dungeon |  14086 |  13149 |    937 |   2755 |   8490 |   9 | 1565.1 |
        Temple |    226 |    216 |     10 |      0 |    201 |   1 |  226.0 |
               +--------+--------+--------+--------+--------+-----+--------+

Top non-repeatable levels by time:
     D:4: 2477 daAuts
     D:8: 2256 daAuts
     D:7: 2213 daAuts
     D:5: 1425 daAuts
     D:9: 1285 daAuts
     D:3: 1239 daAuts
     D:6: 1174 daAuts
     D:1: 1010 daAuts
     D:2: 1004 daAuts
  Temple: 226 daAuts
